 Dungeon Crawl Stone Soup version 0.29.1-2-gbd0b4ee654 (webtiles) character file.

Game seed: 8120768051466168217

315 stoarme the Caller (level 6, 0/36 HPs)
             Began as a Tengu Summoner on Nov 6, 2022.
             Slain by Robin
             ... wielding a +0 short sword
              (1 damage)
             ... on level 4 of the Dungeon.
             The game lasted 00:22:46 (4980 turns).

stoarme the Caller (Tengu Summoner)                 Turns: 4980, Time: 00:22:47

Health: 0/36       AC:  2    Str:  8    XL:     6   Next: 44%
Magic:  8/11       EV: 15    Int: 18    God:
Gold:   184        SH:  0    Dex: 16    Spells: 7/11 levels left

rFire   . . .      SeeInvis .   o - +0 mace of Wariness {venom, rPois Dex+2}
rCold   . . .      Faith    .   (no shield)
rNeg    . . .      Spirit   .   a - +0 robe
rPois   +          Reflect  .   (helmet restricted)
rElec   .          Harm     .   (no cloak)
rCorr   .          Rampage  .   (no gloves)
Will    .....                   (boots unavailable)
Stlth   +++.......              (no amulet)
HPRegen 0.12/turn               (no ring)
MPRegen 0.12/turn               (no ring)

@: flying quickly and evasively, quick
A: beak, talons 3, nimble flight
a: no special abilities


You were on level 4 of the Dungeon.
You visited 1 branch of the dungeon, and saw 4 of its levels.

You collected 184 gold pieces.

Inventory:

Hand Weapons
 d - a +0 dagger
 e - a +0 dagger of electrocution
 o - the +0 mace of Wariness (weapon) {venom, rPois Dex+2}
   (You found it on level 3 of the Dungeon)

   It poisons the flesh of those it strikes.
   Dex:       It affects your dexterity (+2).
   rPois:     It protects you from poison.
Missiles
 m - a throwing net
Armour
 a - a +0 robe (worn)
Jewellery
 j - a ring of poison resistance
Wands
 t - a wand of polymorph (11)
Scrolls
 c - 5 scrolls of identify
 h - a scroll of acquirement {unknown}
 s - a scroll of vulnerability {unknown}
 u - a scroll of teleportation {unknown}
 w - a scroll of enchant weapon {unknown}
Potions
 b - 3 potions of magic
 f - 2 potions of flight
 g - a potion of haste {unknown}
 i - 3 potions of heal wounds {unknown}
 k - 4 potions of mutation
 l - a potion of resistance {unknown}
 n - a potion of might {unknown}
 p - a potion of invisibility {unknown}
 q - a potion of curing {unknown}
 r - 2 potions of cancellation {unknown}
 v - 2 potions of attraction {unknown}


   Skills:
 - Level 2.6 Fighting
 * Level 2.3 Dodging
 - Level 3.6 Stealth
 - Level 3.0 Spellcasting
 + Level 0.0 Hexes
 - Level 6.7 Summonings
 + Level 0.0 Transmutations
 + Level 0.1 Air Magic


You had 7 spell levels left.
You knew the following spells:

 Your Spells              Type           Power      Damage    Failure   Level
a - Summon Small Mammal   Summ           100%       N/A       1%          1
b - Call Canine Familiar  Summ           26%        N/A       3%          3

Your spell library contained the following spells:

 Spells                   Type           Power      Damage    Failure   Level
 Call Imp                 Summ           26%        N/A       1%          2
 Summon Guardian Golem    Hex/Summ       14%        N/A       12%         3
 Sting                    Tmut/Pois      8%         1d3       16%         1
 Poisonous Vapours        Pois/Air       6%         N/A       24%         2
 Summon Lightning Spire   Summ/Air       15%        N/A       36%         4
 Olgreb's Toxic Radiance  Pois           2%         N/A       85%         4


Dungeon Overview and Level Annotations

Branches:
Dungeon (4/15)
 Temple: D:4-7

Altars:
Okawaru

Annotations:
D:4 Robin


Innate Abilities, Weirdness & Mutations

You have a beak for a mouth.
You have claws for feet.
Your magical nature lets you fly swiftly and evasively.


Message History

The hound bites you.
Your quokka misses the hobgoblin.
Your hound barely misses the hobgoblin.
You barely miss the hound.
The hound is lightly wounded.
The hound bites you.
Your quokka barely misses the hobgoblin.
Your hound bites the hobgoblin.
The hobgoblin barely misses your hound.
An endoplasm comes into view.
The hound closely misses you.
Your hound closely misses the hobgoblin.
Your quokka bites the hobgoblin but does no damage.
The hobgoblin barely misses your hound. Robin misses you. The hound bites you.
Casting: Summon Small Mammal (safe; 1% risk of failure)
Confirm with . or Enter, or press ? or * to list all spells.
Your hound disappears in a puff of smoke!
Your quokka bites the hobgoblin.
The hobgoblin dies!
The hound closely misses you. Robin closely misses you. The hound bites you.
The hound closely misses you.
Your bat hits the hound. The hound bites you but does no damage.
The hound attacks as you move away! The hound completely misses you.
The hound bites you. Robin closely misses you.
Your bat hits the hound but does no damage.
The hound barely misses your bat.
Robin's bangles clink loudly.
You closely miss the hound. You claw the hound, but do no damage.
Your bat closely misses the hound.
The hound bites you.
The hound closely misses you. x2; Your quokka bites the hound.
Robin hits you with a +0 short sword.
* * * LOW HITPOINT WARNING * * *
The hound bites you.
* * * LOW HITPOINT WARNING * * *
You hit the hound but do no damage.
The hound is poisoned.
Your kick misses the hound. Your peck misses the hound.
The hound is heavily wounded.
Your bat closely misses the hound.
The hound completely misses you.
Your quokka bites the hound.
The hound bites you.
* * * LOW HITPOINT WARNING * * *
Robin hits you with a +0 short sword.
You die...

#.# #.....))....... ##.#
#......)....... ###..#
##........!##### .##..#
#.....!))..# .....#
#........†).# #....#
#........J.## .....#
#......b.r..###..
.....##........hhg.....#
................@...^.##
.................######
.)<..............#
...))...........##
................
................
)...............
................
.........##..


You could see 2 hounds, Robin, an endoplasm, a friendly quokka (summoned) and a
friendly bat (summoned).

Vanquished Creatures
  Terence (D:2)
  An orc wizard (D:4)
  3 gnolls (D:2)
  2 adders (D:2)
  2 orcs (D:4)
  3 bats
  4 endoplasms
  4 giant cockroaches
  9 goblins
  4 hobgoblins
  7 jackals
  2 kobolds
  4 quokkas (D:1)
  3 ball pythons
  A frilled lizard (D:1)
  3 rats
53 creatures vanquished.

Vanquished Creatures (collateral kills)
  A hound (D:3)
  An orc wizard (D:4)
  4 gnolls (D:2)
  2 worms (D:3)
  2 dart slugs (D:2)
  4 orcs
  A bat (D:2)
  3 endoplasms
  A giant cockroach (D:2)
  8 hobgoblins
  A jackal (D:1)
  A quokka (D:3)
  4 ball pythons
  A frilled lizard (D:1)
  8 goblins
  5 kobolds
  3 rats
50 creatures vanquished.

Grand Total: 103 creatures vanquished

Notes
Turn   | Place    | Note
-------+----------+-------------------------------------------
     0 | D:1      | stoarme the Tengu Summoner began the quest for the Orb.
     0 | D:1      | Reached XP level 1. HP: 10/10 MP: 4/4
   153 | D:1      | Reached skill level 1 in Fighting
   166 | D:1      | Reached XP level 2. HP: 16/16 MP: 6/6
  1027 | D:1      | Reached XP level 3. HP: 21/21 MP: 7/7
  1459 | D:2      | Learned a level 3 spell: Call Canine Familiar
  1858 | D:2      | Reached XP level 4. HP: 27/27 MP: 5/8
  2286 | D:2      | Gained mutation: Your magical nature lets you fly swiftly
                  | and evasively. [Tengu growth]
  2286 | D:2      | Reached XP level 5. HP: 13/31 MP: 6/10
  2764 | D:2      | Reached skill level 5 in Summonings
  2837 | D:2      | Noticed Terence
  2854 | D:2      | Killed Terence
  3188 | D:3      | Found an iron altar of Okawaru.
  3205 | D:3      | Identified the +0 mace of Wariness {venom, rPois Dex+2}
  3410 | D:3      | Reached skill level 6 in Summonings
  3530 | D:3      | Reached XP level 6. HP: 33/36 MP: 9/11
  4960 | D:4      | Noticed Robin
  4980 | D:4      | HP: 1/36 [hound (2)]
  4980 | D:4      | Slain by Robin

Illustrated notes

Levels and vault maps discovered:
D:1:      ncdulo_watergridlock, layout_loops_cross, minmay_misc_feat_columns,
          minmay_shallow_snake_nest
D:2:      layout_rooms, minmay_pentomino_p4, uniq_terence
D:3:      layout_basic, okawaru_ov_weapons_minmay
D:4:      layout_layer_cave, xom_confusion_cloud, overflow_temple_1_default,
          cheibrodos_sewer_entry_bend, minivault_19, uniq_robin

Skill      XL: |  1  2  3  4  5 |
---------------+----------------+-----
Fighting       | 1 2 |  2.6
Stealth        | 3 |  3.6
Spellcasting   | 3 |  3.0
Summonings     | 6 |  6.7
Dodging        | |  2.3
Air Magic      | |  0.1

Action                   |  1- 3 |  4- 6 || total
-------------------------+-------+-------++-------
Melee: Dagger            |    65 |    25 ||    90
       Unarmed           |     2 |       ||     2
       Peck              |    10 |     8 ||    18
       Kick              |    14 |    12 ||    26
       Mace              |       |    29 ||    29
 Cast: Summon Small Mamm |    26 |    53 ||    79
       Call Canine Famil |       |    21 ||    21
  Use: Scroll            |     1 |     1 ||     2
       Potion            |     1 |       ||     1
 Stab: Distracted        |     1 |       ||     1
       Sleeping          |     2 |       ||     2
Armor: Robe              |    14 |    13 ||    27
Dodge: Dodged            |    65 |    54 ||   119
